 Dungeon Crawl Stone Soup version 0.19.1-1-g22dce08 (webtiles) character file.

4592 galech the Grappler (level 10, -2/102 HPs)
             Began as a Troll Monk on Dec 30, 2016.
             Succumbed to a queen ant's poison
             ... on level 9 of the Dungeon.
             The game lasted 00:18:21 (7183 turns).

galech the Grappler (Troll Monk)                    Turns: 7183, Time: 00:18:21

Health: -2/102     AC:  6    Str: 28    XL:     10   Next: 18%
Magic:  9/9        EV: 15    Int:  6    God:
Gold:   490        SH:  0    Dex: 17    Spells: 0 memorised, 9 levels left

rFire  . . .     SeeInvis .       - Unarmed
rCold  . . .     Gourm    +     a - +0 robe
rNeg   . . .     Faith    .     (no shield)
rPois  .         Spirit   .     (helmet restricted)
rElec  .         Reflect  .     k - +0 cloak
rCorr  .         Harm     .     (gloves unavailable)
MR     .....                    (boots unavailable)
Stlth  ++........               x - amulet of magic regeneration
                                D - +4 ring of strength
                                j - +5 ring of dexterity

@: lethally poisoned (-2 -> -47)
A: unfitting armour, claws 3, fast metabolism 3, gourmand, regeneration 1,
shaggy fur 1, tough skin 2
a: no special abilities


You were on level 9 of the Dungeon.
You were very full.

You visited 2 branches of the dungeon, and saw 10 of its levels.

You collected 490 gold pieces.

Inventory:

Armour
 a - a +0 robe (worn)
 k - a +0 cloak (worn)
Jewellery
 j - a +5 ring of dexterity (left claw)
 x - an amulet of magic regeneration (around neck)
 A - an uncursed ring of protection from magic
 D - a +4 ring of strength (right claw)
Wands
 u - a wand of paralysis (22/24)
 B - a wand of confusion (36/48)
 G - a wand of confusion (32/48)
Scrolls
 e - a scroll of magic mapping
 g - 4 scrolls of teleportation
 h - 3 scrolls of recharging
 i - 4 scrolls of fog
 l - 2 scrolls of remove curse
 m - a scroll of enchant weapon
 n - 2 scrolls of enchant armour
 q - 3 scrolls of noise
 v - a scroll of random uselessness
 y - a scroll of amnesia {unknown}
 E - a scroll of immolation {unknown}
 M - a scroll of fear {unknown}
Potions
 d - 3 potions of haste {unknown}
 f - 2 potions of curing {unknown}
 o - a potion of berserk rage {unknown}
 r - 3 potions of heal wounds {unknown}
 s - 2 potions of flight
 t - 2 potions of cure mutation {unknown}
 w - 3 potions of brilliance
 z - 2 potions of mutation {unknown}
 C - 2 potions of cancellation {unknown}
 H - a potion of might {unknown}
 J - a potion of degeneration {unknown}
Comestibles
 b - 4 bread rations
 c - 3 meat rations
 p - 3 beef jerkies
 F - 2 slices of pizza
 I - 5 fruits
 K - 7 royal jellies
 L - 13 chunks of flesh


   Skills:
 + Level 7.4 Fighting
 + Level 7.9 Dodging
 - Level 1.2 Stealth
 + Level 9.1 Unarmed Combat


You had 9 spell levels left.
You didn't know any spells.

Dungeon Overview and Level Annotations

Branches:
Dungeon (9/15)             Temple (1/1) D:5
   Lair: D:8-11         Orc: D:9-12

Altars:
Ashenzari
Cheibriados
Dithmenos
Elyvilon
Fedhas
Gozag
Hepliaklqana
Kikubaaqudgha
Nemelex Xobeh
Okawaru
Qazlal
Ru
Sif Muna
Trog
Uskayaw
Vehumet
Xom
Yredelemnul
Zin

Shops:
D:4 }


Innate Abilities, Weirdness & Mutations

You are too large for most types of armour.
You have claws for hands.
Your metabolism is lightning-fast.
You like to eat raw meat.
Your natural rate of healing is unusually fast.
You are covered in fur. (AC +1)
You have very tough skin. (AC +2)


Message History

You are too injured to fight recklessly!
You are too injured to fight recklessly!
You are too injured to fight recklessly!
You are too injured to fight recklessly!
You are too injured to fight recklessly!
You are too injured to fight recklessly!
* * * LOW HITPOINT WARNING * * *
You feel extremely sick.
* * * LOW HITPOINT WARNING * * *
You feel very sick.
You see here a soldier ant corpse.
* * * LOW HITPOINT WARNING * * *
You feel very sick.
* * * LOW HITPOINT WARNING * * *
You feel very sick.
* * * LOW HITPOINT WARNING * * *
You feel very sick.
There is a stone staircase leading down here.
You can't go up here!
You die...

#
#.#...#####.##.#.#
# #.##..# #.# #.#
##. #..# ##.##
.#.# ##...#..#
#).. ..# #......)#
#..# ##...
#....##.# #..#
...#. #...#
#.####..#... #. a
#.## #....a..#.#
a. # ####@#...#
... #.##†## a..
#.###.## ..
#.##.#.##.#
#.##.##†..#
#.##.#.#.##
..###.# ## ### ##


You could see a queen ant.

Vanquished Creatures
  A queen bee (D:9)
  Prince Ribbit (D:5)
  Grum (D:8)
  3 soldier ants (D:9)
  2 orc warriors
  3 phantoms
  2 ice beasts
  5 ogres
  2 wolves (D:8)
  2 bullfrogs
  2 gnoll sergeants
  A big kobold (D:6)
  2 scorpions
  A water moccasin skeleton (D:6)
  13 killer bees
  4 wights (D:7)
  2 crimson imps
  A bullfrog zombie (D:5)
  2 hounds
  2 jellies (D:6)
  3 orc priests
  9 worker ants
  15 orc wizards
  A killer bee zombie (D:8)
  A hound skeleton (D:4)
  A howler monkey zombie (D:7)
  A worker ant zombie (D:6)
  8 gnolls
  4 adders
  A shadow imp (D:6)
  3 oozes
  2 adder zombies
  An adder skeleton (D:8)
  3 worms
  A dart slug (D:3)
  4 leopard geckos
  36 orcs
  5 bats
  5 giant cockroaches
  9 goblins
  7 hobgoblins
  5 jackals
  29 kobolds
  3 quokkas
  2 ball pythons
  6 frilled lizards
  10 rats
  2 plants (D:6)
229 creatures vanquished.

Vanquished Creatures (others)
  An iguana (D:4)
  3 adders (D:4)
  A leopard gecko (D:4)
  An orc (D:4)
  A giant cockroach (D:4)
7 creatures vanquished.

Grand Total: 236 creatures vanquished

Notes
Turn   | Place    | Note
-------+----------+-------------------------------------------
     0 | D:1      | galech the Troll Monk began the quest for the Orb.
     0 | D:1      | Reached XP level 1. HP: 22/22 MP: 0/0
   144 | D:1      | Reached XP level 2. HP: 26/29 MP: 1/1
   639 | D:2      | Reached XP level 3. HP: 31/36 MP: 2/2
  1673 | D:3      | Reached XP level 4. HP: 44/44 MP: 3/3
  1768 | D:3      | Reached skill level 4 in Unarmed Combat
  2154 | D:4      | Reached XP level 5. HP: 33/53 MP: 4/4
  2222 | D:4      | Found a stormy altar of Qazlal.
  2517 | D:4      | Found Wiypsuimid's Gadget Emporium.
  2593 | D:4      | Reached XP level 6. HP: 55/61 MP: 5/5
  2745 | D:4      | Found a shimmering altar of Xom.
  3016 | D:5      | Entered Level 5 of the Dungeon
  3034 | D:5      | Reached skill level 5 in Unarmed Combat
  3065 | D:5      | Found a stormy altar of Qazlal.
  3146 | D:5      | Reached XP level 7. HP: 62/70 MP: 6/6
  3629 | D:5      | Found a staircase to the Ecumenical Temple.
  3639 | Temple   | Entered the Ecumenical Temple
  3744 | D:5      | Noticed Prince Ribbit
  3754 | D:5      | Killed Prince Ribbit
  3754 | D:5      | Reached skill level 6 in Unarmed Combat
  3767 | D:5      | Reached skill level 5 in Dodging
  3826 | D:5      | Reached XP level 8. HP: 79/79 MP: 7/7
  4094 | D:5      | Reached skill level 5 in Fighting
  4208 | D:6      | Found an ancient bone altar of Kikubaaqudgha.
  4678 | D:6      | Reached skill level 7 in Unarmed Combat
  5012 | D:6      | Found a snail-covered altar of Cheibriados.
  5027 | D:6      | Found a basalt altar of Yredelemnul.
  5027 | D:6      | Found a bloodstained altar of Trog.
  5028 | D:6      | Found a white marble altar of Elyvilon.
  5035 | D:6      | Found a deep blue altar of Sif Muna.
  5036 | D:6      | Found a sacrificial altar of Ru.
  5332 | D:7      | Reached XP level 9. HP: 89/89 MP: 8/8
  5609 | D:7      | Found a sparkling altar of Nemelex Xobeh.
  5693 | D:7      | Found a shadowy altar of Dithmenos.
  5804 | D:7      | Found a bloodstained altar of Trog.
  6262 | D:8      | Noticed Grum
  6267 | D:8      | Reached skill level 8 in Unarmed Combat
  6275 | D:8      | Killed Grum
  6714 | D:9      | Noticed a queen bee
  6944 | D:9      | Killed a queen bee
  6976 | D:9      | Reached XP level 10. HP: 70/102 MP: 9/9
  6983 | D:9      | Reached skill level 9 in Unarmed Combat
  7160 | D:9      | Noticed a queen ant
  7182 | D:9      | HP: 3/102 [poisoned by a queen ant]
  7183 | D:9      | Succumbed to a queen ant's poison

Skill      XL: |  1  2  3  4  5  6  7  8  9 10 |
---------------+-------------------------------+-----
Dodging        | 3 4 5 6 7 |  7.9
Unarmed Combat | 4 5 6 7 8 9 |  9.1
Fighting       | 3 4 5 7 |  7.4
Stealth        | |  1.2

Action                   |  1- 3 |  4- 6 |  7- 9 | 10-12 || total
-------------------------+-------+-------+-------+-------++-------
Melee: Unarmed           |   134 |   130 |   395 |    68 ||   727
       Punch             |     2 |     1 |    21 |     6 ||    30
  Use: Scroll            |       |       |    13 |       ||    13
 Stab: Sleeping          |     7 |     1 |     8 |       ||    16
  Eat: Chunk             |    21 |    13 |    34 |     3 ||    71
Armor: Robe              |    46 |    28 |    68 |     9 ||   151
Dodge: Dodged            |    73 |    58 |   275 |    39 ||   445
